 Dungeon Crawl Stone Soup version 0.30-a0-782-ge64f9170bb (webtiles) character file.

Game seed: 7579477652100810964

251 Dirian the Covered (level 5, 0/47 HPs)
             Began as a Minotaur Fighter on Mar 16, 2023.
             Succumbed to an orc's poison
             ... on level 3 of the Dungeon.
             The game lasted 00:04:07 (2398 turns).

Dirian the Covered (Minotaur Fighter)               Turns: 2398, Time: 00:04:08

Health: 0/47       AC:  7    Str: 20    XL:     5   Next: 88%
Magic:  4/4        EV:  9    Int:  5    God:
Gold:   99         SH:  5    Dex: 12    Spells: 4/4 levels left

rFire   . . .      SeeInvis .    a - +0 long sword
rCold   . . .      Faith    .    c - +0 buckler
rNeg    . . .      Spirit   .    b - +0 scale mail
rPois   .          Reflect  .    (helmet restricted)
rElec   .          Harm     .    (no cloak)
rCorr   .          Rampage  .    (no gloves)
Will    .....                    (no boots) Stlth
                                 (no amulet)
HPRegen 0.27/turn                (no ring)
MPRegen 0.09/turn                (no ring)

@: lethally poisoned (0 -> -8)
A: horns 2, retaliatory headbutt
a: no special abilities


You were on level 3 of the Dungeon.
You visited 1 branch of the dungeon, and saw 3 of its levels.

You collected 99 gold pieces.

Inventory:

Hand Weapons
 a - a +0 long sword (weapon)
Missiles
 f - 2 throwing nets (quivered)
 i - 4 javelins
Armour
 b - a +0 scale mail (worn)
 c - a +0 buckler (worn)
Scrolls
 h - a scroll of vulnerability {unknown}
Potions
 d - a potion of might
 e - a potion of curing {unknown}
 g - a potion of flight {unknown}
 j - a potion of resistance {unknown}


   Skills:
 + Level 4.7 Fighting
 + Level 4.6 Long Blades
 + Level 1.7 Throwing
 + Level 5.0 Armour
 + Level 4.4 Shields


You had 4 spell levels left.
You didn't know any spells.
Your spell library contained the following spells:

 Spells                   Type           Power      Damage    Failure   Level
 Ensorcelled Hibernation  Hex/Ice        0%         N/A       96%         2
 Passwall                 Tmut/Erth      0%         N/A       96%         2
 Swiftness                Air            0%         N/A       99%         3


Dungeon Overview and Level Annotations

Branches:
Dungeon (3/15) Zot: 15527

Altars:
Xom

Annotations:
D:3 2 transporters, AppleFox63's ghost, amateur MiFi


Innate Abilities, Weirdness & Mutations

You have a pair of horns on your head.
You reflexively headbutt those who attack you in melee.


Message History

You barely miss the orc.
The orc is severely wounded.
You feel very sick. The orc barely misses you.
The orc hits you with a +1 short sword of venom.
You are more poisoned.
You hit the orc but do no damage.
The orc is severely wounded.
You feel very sick. The orc hits you with a +0 dagger.
The orc hits you with a +1 short sword of venom.
You are more poisoned.
You are too injured to fight recklessly!
You hit the orc.
The orc is heavily wounded.
You feel very sick. The orc misses you. You block the orc's attack.
The orc hits you with a +0 dagger.
The orc hits you with a +1 short sword of venom.
You are lethally poisoned!
You slash the orc!
You kill the orc!
* * * LOW HITPOINT WARNING * * *
You feel very sick. The orc closely misses you.
* * * LOW HITPOINT WARNING * * *
You feel very sick. The orc hits you but does no damage.
You see here a +1 short sword of venom.
You closely miss the orc.
The orc is severely wounded.
* * * LOW HITPOINT WARNING * * *
You feel very sick. The orc hits you with a +0 dagger.
* * * LOW HITPOINT WARNING * * *
You slash the orc!
You kill the orc!
* * * LOW HITPOINT WARNING * * *
You feel very sick.
You die...

....# # ###'##.##.#.# #
#......##.#.# # #
#......##.#.# #
#.####......##.#.######
.............<.........
..........##.#......#
#.).....##.#..###..
#@)....##.#.## ###
#.)....##...# ....
##.......#..##..#..
#.....##.....#.#...#
#.###........# .#.##
... #........##.#...
### #.........#$#...
#........©#$=.©#
#.######..#..#..


There were no monsters in sight!

Vanquished Creatures
  4 crimson imps (D:3)
  3 gnolls (D:2)
  2 adders (D:2)
  2 dart slugs
  5 orcs (D:3)
  3 ball pythons
  8 endoplasms
  A giant cockroach (D:1)
  5 goblins
  3 hobgoblins
  2 quokkas
  8 bats
  6 frilled lizards
  5 kobolds
  5 rats
62 creatures vanquished.

Vanquished Creatures (others)
  3 plants (D:1)
3 creatures vanquished.

Grand Total: 65 creatures vanquished

Notes
Turn   | Place    | Note
-------+----------+-------------------------------------------
     0 | D:1      | Dirian the Minotaur Fighter began the quest for the Orb.
     0 | D:1      | Reached XP level 1. HP: 19/19 MP: 0/0
   316 | D:1      | Reached skill level 4 in Armour
   316 | D:1      | Reached XP level 2. HP: 24/27 MP: 1/1
   662 | D:1      | Reached XP level 3. HP: 33/33 MP: 2/2
  1289 | D:2      | Reached XP level 4. HP: 34/41 MP: 3/3
  1980 | D:3      | Noticed AppleFox63's ghost (amateur MiFi)
  1999 | D:3      | Found a transporter.
  2015 | D:3      | Found a shimmering altar of Xom.
  2049 | D:3      | Reached skill level 1 in Throwing
  2049 | D:3      | Reached XP level 5. HP: 42/47 MP: 4/4
  2061 | D:3      | Reached skill level 5 in Armour
  2183 | D:3      | Found a faded altar of an unknown god.
  2360 | D:3      | Found a transporter.
  2397 | D:3      | HP: 2/47 [poisoned by an orc]
  2398 | D:3      | Succumbed to an orc's poison

Illustrated notes

Levels and vault maps discovered:
D:1:      lemuel_arrival_room, layout_loops_corners, grunt_decor_clamped,
          chequers_big_river
D:2:      layout_basic
D:3:      layout_basic, led_xom_imps, slow_altar_1, gammafunk_ghost_stat_death,
          dreamdust_ecumenical_altar_angels_and_demons, minivault_19

Skill      XL: |  1  2  3  4  5 |
---------------+----------------+-----
Armour         | 4 5 |  5.0
Fighting       | 4 |  4.7
Shields        | 4 |  4.4
Long Blades    | 3 4 |  4.6
Throwing       | 1 |  1.7

Action                     |  1- 3 |  4- 6 || total
---------------------------+-------+-------++-------
  Melee: Long sword        |    78 |    78 ||   156
         Headbutt          |    12 |     7 ||    19
  Throw: Javelin           |     7 |    14 ||    21
         Throwing net      |       |     1 ||     1
    Use: Scroll            |     3 |       ||     3
 Armour: Scale mail        |    39 |    29 ||    68
  Dodge: Dodged            |    40 |    29 ||    69
  Block: Buckler           |    13 |    21 ||    34

Table legend: (Time is in decaauts)
 A = Elapsed time spent in this place.
 B = Non-inter-level travel time spent in this place.
 C = Inter-level travel time spent in this place.
 D = Time resting spent in this place.
 E = Time spent auto-exploring this place.
 F = Levels seen in this place.
 G = Mean time per level.
                   A        B        C        D        E       F      G
               +--------+--------+--------+--------+--------+-----+--------+
         Total |   2472 |   2416 |     56 |      0 |   1978 |   3 |  824.0 |
       Dungeon |   2472 |   2416 |     56 |      0 |   1978 |   3 |  824.0 |
               +--------+--------+--------+--------+--------+-----+--------+

Top non-repeatable levels by time:
     D:1: 1175 daAuts
     D:2: 846 daAuts
     D:3: 450 daAuts
